 Dungeon Crawl Stone Soup version 0.25.0-41-g26779e291d (webtiles) character file.

Game seed: 11962425549914465737

504 Ethylacetat the Insei (level 7, 0/48 HPs)
             Began as an Octopode Transmuter on July 10, 2020.
             Was an Initiate of Vehumet.
             Slain by a centaur (6 damage)
             ... on level 5 of the Dungeon.
             The game lasted 00:12:55 (4469 turns).

Ethylacetat the Insei (Octopode Transmuter)         Turns: 4469, Time: 00:12:55

Health: 0/48       AC:  5    Str: 11    XL:     7   Next: 17%
Magic:  19/20      EV: 17    Int: 15    God:    Vehumet [......]
Gold:   336        SH:  0    Dex: 15    Spells: 11/12 levels left

rFire    x . .     SeeInvis +   u - +4 dagger
rCold    + . .     Gourm    .   (no shield)
rNeg     + + .     Faith    .   (helmet restricted)
rPois    .         Spirit   .   (no amulet)
rElec    .         Reflect  .   h - +4 ring of evasion
rCorr    .         Harm     .   n - ring of positive energy
MR       .....                  l - ring of magical power
Stlth    +++.......             w - +4 ring of protection
HPRegen  0.16/turn              A - ring of Jeeqeg {Ice rN+ Dex+2 SInv Stlth+}
MPRegen  0.17/turn              (no ring)
                                (no ring)
                                (no ring)

@: appendage
A: almost no armour, stealthy swim, amphibious, 8 rings, constrict 8, tentacle
spike 3, camouflage 1, gelatinous body 1
a: End Transformation, Renounce Religion


You were on level 5 of the Dungeon.
You worshipped Vehumet.
Vehumet was noncommittal.
You were not hungry.
One of your tentacles had a temporary spike.
You visited 2 branches of the dungeon, and saw 6 of its levels.

You collected 336 gold pieces.

Inventory:

Hand Weapons
 u - a +4 dagger (weapon)
Missiles
 a - 37 arrows
 v - 6 curare-tipped darts (quivered)
Jewellery
 h - a +4 ring of evasion (left tentacle)
 l - a ring of magical power (on tentacle)
 n - a ring of positive energy (right tentacle)
 w - a +4 ring of protection (on tentacle)
 A - the ring of Jeeqeg (on tentacle) {Ice rN+ Dex+2 SInv Stlth+}
   (You found it on level 5 of the Dungeon)

   [ring of ice]

   It enhances your ice magic.
   It affects your dexterity (+2).
   It makes you vulnerable to fire.
   It protects you from cold.
   It protects you from negative energy.
   It lets you see invisible.
   It makes you more stealthy.
Scrolls
 b - 6 scrolls of identify {unknown}
 d - a scroll of random uselessness {unknown}
 e - 3 scrolls of blinking {unknown}
 g - 2 scrolls of fear {unknown}
 j - a scroll of magic mapping {unknown}
 k - 2 scrolls of fog {unknown}
 m - a scroll of noise {unknown}
 o - 2 scrolls of immolation {unknown}
 s - 2 scrolls of remove curse {unknown}
 x - a scroll of enchant weapon {unknown}
 y - 2 scrolls of amnesia {unknown}
 B - a scroll of teleportation {unknown}
Potions
 f - 2 potions of degeneration {unknown}
 i - 3 potions of might {unknown}
 p - 2 potions of heal wounds
 r - 3 potions of magic {unknown}
 t - a potion of haste {unknown}
 z - a potion of stabbing {unknown}
Comestibles
 c - 9 rations
 q - a chunk of flesh


   Skills:
 * Level 4.0 Fighting
 - Level 2.0 Dodging
 * Level 5.2 Unarmed Combat
 + Level 3.2 Spellcasting
 + Level 3.5 Transmutations


You had 11 spell levels left.
You knew the following spells:

 Your Spells              Type           Power        Failure   Level  Hunger
a - Beastly Appendage     Tmut           ##....       4%          1    #......

Your spell library contained the following spells:

 Spells                   Type           Power        Failure   Level  Hunger
 Sticks to Snakes         Tmut           ##......     7%          2    ##.....
 Spider Form              Tmut/Pois      #.........   28%         3    ###....
 Ice Form                 Ice/Tmut       ##......     67%         4    #####..
 Blade Hands              Tmut           ##........   77%         5    ######.


Dungeon Overview and Level Annotations

Branches:
Dungeon (5/15)             Temple (1/1) D:4

Altars:
Cheibriados
Dithmenos
Gozag
Hepliaklqana
Kikubaaqudgha
Makhleb
Nemelex Xobeh
Okawaru
Qazlal
Trog
Uskayaw
Vehumet
Yredelemnul
Zin
The Shining One

Shops:
D:4 !


Innate Abilities, Weirdness & Mutations

You cannot wear most types of armour.
You are very stealthy in the water. (Stealth+)
You are amphibious.
You can wear up to eight rings at the same time.
You can use your tentacles to constrict eight enemies at once.
Your skin changes colour to match your surroundings (Stealth+).
Your rubbery body absorbs attacks. (AC +1, EV +1)
One of your tentacles bears a large vicious spike.


Message History

Your tentacle spike disappears.
The centaur misses you. The centaur skeleton barely misses you.
The kobold hits you with a +0 short sword!
Casting: Beastly Appendage (safe; 4% risk of failure)
Confirm with . or Enter, or press ? or * to list all spells.
One of your tentacles grows a vicious spike.
The centaur completely misses you. The centaur skeleton hits you.
* * * LOW HITPOINT WARNING * * *
The centaur misses you. The kobold misses you.
You hit the centaur.
You pierce the centaur.
You squeeze the centaur.
The centaur is severely wounded.
The centaur skeleton hits you.
* * * LOW HITPOINT WARNING * * *
The centaur misses you.
The centaur skeleton closely misses you.
The kobold hits you but does no damage.
You hit the centaur.
The centaur is almost dead.
The centaur hits you.
You die...

.#..#..# #...P# P.P#
....#..##♣P..# #..## .
......##.... #♣P###. ..
#.#..#...####.♣#...
...###.........)..((..##
...............##....##
...........######....#
...........# #....+
......c@K..# #....#
.......Z...# #....#
...........# #....#
...........# #....#
...........#
...........#
#########... #....


You could see a centaur, a kobold and a centaur skeleton.

Vanquished Creatures
  An ogre (D:3)
  2 howler monkeys
  A crimson imp (D:5)
  A jelly (D:5)
  A bullfrog skeleton (D:4)
  An iguana (D:4)
  Terence (D:3)
  2 worker ants
  3 gnolls (D:3)
  4 adders
  2 oozes
  An adder skeleton (D:4)
  3 worms
  2 dart slugs
  2 leopard geckos
  2 orcs
  10 bats
  2 bat zombies
  2 giant cockroaches
  7 hobgoblins
  3 jackals (D:3)
  10 kobolds
  3 quokkas
  A ball python (D:2)
  8 goblins
  5 rats
80 creatures vanquished.

Notes
Turn   | Place    | Note
-------+----------+-------------------------------------------
     0 | D:1      | Ethylacetat the Octopode Transmuter began the quest for the
                  | Orb.
     0 | D:1      | Reached XP level 1. HP: 13/13 MP: 3/3
   269 | D:1      | Reached XP level 2. HP: 3/18 MP: 3/5
   853 | D:1      | Reached XP level 3. HP: 22/23 MP: 6/6
  1281 | D:2      | Found a transporter.
  1281 | D:2      | Found a transporter.
  1314 | D:2      | Found a shadowy altar of Dithmenos.
  1329 | D:2      | Found a glowing silver altar of Zin.
  2148 | D:3      | Reached XP level 4. HP: 29/29 MP: 7/7
  2215 | D:3      | Noticed Terence
  2221 | D:3      | Killed Terence
  2268 | D:3      | Reached skill level 4 in Unarmed Combat
  2368 | D:3      | Reached XP level 5. HP: 23/35 MP: 8/8
  2524 | D:3      | Found a stormy altar of Qazlal.
  3195 | D:4      | Noticed an ogre
  3206 | D:3      | Killed an ogre
  3209 | D:3      | Reached XP level 6. HP: 25/42 MP: 10/10
  3484 | D:4      | Found a staircase to the Ecumenical Temple.
  3492 | Temple   | Entered the Ecumenical Temple
  3509 | Temple   | Became a worshipper of Vehumet
  3607 | D:4      | Noticed a +0 dagger
  3608 | D:4      | Found a hide-covered altar of Uskayaw.
  3608 | D:4      | Noticed a +0 hand axe
  3814 | D:4      | Found Nete's Distillery.
  3822 | D:4      | Found a stormy altar of Qazlal.
  4150 | D:4      | Found an ancient bone altar of Kikubaaqudgha.
  4210 | D:5      | Entered Level 5 of the Dungeon
  4213 | D:5      | Reached skill level 5 in Unarmed Combat
  4215 | D:5      | Got a crude bone ring
  4216 | D:5      | Identified the ring of Jeeqeg {Ice rN+ Dex+2 SInv Stlth+}
                  | (You found it on level 5 of the Dungeon)
  4222 | D:5      | Reached XP level 7. HP: 42/47 MP: 11/11
  4469 | D:5      | Slain by a centaur

Illustrated notes

Levels and vault maps discovered:
D:1:      lightli_arrival_statue_moat, layout_basic
D:2:      layout_rooms, gammafunk_temple_overflow_arena, nrook_uturn
D:3:      layout_loops_ring, first_ration, chequers_avenue,
          lemuel_altar_in_water2, uniq_terence
D:4:      layout_loops_cross, grunt_qazlal_clouds,
          lemuel_zombie_altar_kikubaaqudgha, dancing_weapons_uskayaw,
          minmay_temple_entry_wispy, serial_shops, shop, minivault_25,
          corexii_item_surrounded_by_moat
D:5:      kennysheep_kobold_camp, layout_basic, kennysheep_generic_room_13
Temple:   eino_temple_rhombus

Skill      XL: |  1  2  3  4  5  6  7 |
---------------+----------------------+-----
Fighting       | 2 3 4 |  4.0
Unarmed Combat | 4 5 |  5.2
Transmutations | 3 |  3.5
Spellcasting   | 3 |  3.2
Dodging        | |  2.0

Action                   |  1- 3 |  4- 6 |  7- 9 || total
-------------------------+-------+-------+-------++-------
Melee: Unarmed           |    86 |    35 |       ||   121
       Constrict         |    28 |    23 |     4 ||    55
       Tentacles         |    15 |    20 |     7 ||    42
       Kick              |     5 |    20 |     9 ||    34
       Dagger            |       |    64 |    21 ||    85
       Punch             |       |     2 |       ||     2
 Cast: Beastly Appendage |     8 |    14 |     5 ||    27
 Stab: Sleeping          |     2 |     4 |       ||     6
  Eat: Chunk             |     4 |     7 |       ||    11
Armor: Skin              |     3 |     8 |     5 ||    16
Dodge: Dodged            |    76 |    69 |    30 ||   175
